 Dungeon Sprint DCSS version 0.30.1-11-g7821555f0a (webtiles) character file.

Game seed: 9790703732376409887

2991 Heoruswealwe the Impaler (level 9, -3/94 HPs)
             Began as a Minotaur Fighter on Dec 15, 2023.
             Was an Initiate of Gozag.
             Slain by a boulder beetle (14 damage)
             ... in the Dungeon (Sprint IX: "|||||||||||||||||||||||||||||").
             The game lasted 00:04:08 (345 turns).

Heoruswealwe the Impaler (Minotaur Fighter)          Turns: 345, Time: 00:04:09

Health: -3/94      AC: 26    Str: 25    XL:     9   Next: 54%
Magic:  8/8        EV:  8    Int:  5    God:    Gozag
Gold:   522        SH:  0    Dex: 10    Spells: 8/8 levels left

rFire   . . .        b - +2 halberd (protect)
rCold   . . .        (shield currently unavailable)
rNeg    . . .        c - +0 plate armour
rPois   .            (helmet restricted)
rElec   .            (no cloak)
rCorr   .            (no gloves)
SInv    .            e - +0 pair of boots
Will    .....        (no amulet) Stlth
                     k - +2 ring of protection
HPRegen 0.35/turn    (no ring)
MPRegen 0.11/turn

%: no teleportation
@: under a protective aura
A: horns 2, retaliatory headbutt
a: Renounce Religion, Potion Petition, Call Merchant, Bribe Branch


You were in the Dungeon.
You worshipped Gozag.
Gozag was pleased with you.
You visited 1 branch You collected 522 gold pieces.

Inventory:

Hand Weapons
 a - a +0 trident
 b - a +2 halberd of protection (weapon)
Armour
 c - a +0 plate armour (worn)
 d - a +0 buckler
 e - a +0 pair of boots (worn)
Jewellery
 k - a +2 ring of protection (left hand)
Wands
 h - a wand of quicksilver (10)
Scrolls
 j - a scroll of blinking
Potions
 g - a potion of haste
 i - a potion of berserk rage
 l - a potion of might
 m - 5 potions of curing


   Skills:
 + Level 13.7 Fighting
 * Level 18.4 Polearms
 + Level 13.7 Armour
 - Level 3.6 Shields


You had 8 spell levels left.
You didn't know any spells.
Your spell library was empty.

Dungeon Overview and Level Annotations

Branches:
Dungeon (1/1)

Altars:
Cheibriados
Dithmenos
Elyvilon
Fedhas
Gozag
Hepliaklqana
Kikubaaqudgha
Makhleb
Nemelex Xobeh
Okawaru
Qazlal
Ru
Sif Muna
Trog
Uskayaw
Vehumet
Wu Jian
Xom
Yredelemnul
Zin
The Shining One
Jiyva
Lugonu


Innate Abilities, Weirdness & Mutations

You have a pair of horns on your head.
You reflexively headbutt those who attack you in melee.


Message History

Press: ? - help, Dir - move target
As you read the scroll of blinking, it crumbles to dust.
The hellwing disappears in a puff of smoke!
Unknown command.
You close the door, pushing everything out of the way.
You see here 99 gold pieces.
A quasit breaks down the door.
The quasit closely misses you.
The quasit claws you but does no damage. x2
There is a broken door, spattered with blood here.
You closely miss the quasit.
The quasit is heavily wounded.
The quasit bites you but does no damage.
The quasit claws you but does no damage. x2
You barely miss the quasit.
The quasit is heavily wounded.
The quasit bites you but does no damage.
The quasit claws you but does no damage. x2
You closely miss the quasit. Your headbutt misses the quasit.
The quasit is heavily wounded.
The quasit bites you but does no damage.
The quasit closely misses you.
The quasit claws you but does no damage.
You slice the quasit!!
Your weapon exudes an aura of protection.
You kill the quasit!
The quasit disappears in a puff of smoke!
The boulder beetle bites you but does no damage.
The kobold demonologist looks encouraged for a moment.
Things that are here:
153 gold pieces; a +0 mace; a +0 shortbow You hit the boulder beetle but do no damage.
You headbutt the boulder beetle, but do no damage.
The boulder beetle is moderately wounded.
The boulder beetle bites you but does no damage.
You puncture the boulder beetle!
The boulder beetle is moderately wounded.
The boulder beetle bites you!
You die...
Your body crumbles into a pile of gold.

▓▓▓▓▓▓▓▓▓▓▓▓▓▓▓▓▓▓▓▓▓▓▓
?)[=[...)[....$'@B5K4.+
▓▓▓▓▓▓▓▓▓▓▓▓▓▓▓▓▓▓▓▓▓▓▓
$ $$$ $ $ $


$$$$$ You could see a boulder beetle, a kobold demonologist, a red devil
(summoned) and a quasit (summoned).

Vanquished Creatures
  2 centaur warriors (D)
  A two-headed ogre (D)
  An ugly thing (D)
  A gargoyle (D)
  A vampire (D)
  A yak (D)
  An orc warrior (D)
  A scorpion (D)
  A howler monkey (D)
  A hound (D)
  A jelly (D)
  An orc wizard (D)
  2 adders (D)
  A goblin (D)
  A kobold (D)
  2 ball pythons (D)
  A bat (D)
20 creatures vanquished.

Notes
Turn   | Place    | Note
-------+----------+-------------------------------------------
     0 | D        | Heoruswealwe the Minotaur Fighter began the quest for the
                  | Orb.
     0 | D        | Reached XP level 1. HP: 19/19 MP: 0/0
     7 | D        | Reached skill level 3 in Polearms
    24 | D        | Noticed a hound
    24 | D        | Noticed a scorpion
    24 | D        | Noticed a jelly
    29 | D        | Reached skill level 4 in Polearms
    29 | D        | Reached XP level 2. HP: 26/28 MP: 1/1
    35 | D        | Reached skill level 5 in Fighting
    35 | D        | Reached skill level 6 in Polearms
    35 | D        | Reached skill level 5 in Armour
    35 | D        | Reached XP level 3. HP: 36/36 MP: 2/2
    49 | D        | Killed a scorpion
    50 | D        | Reached skill level 8 in Polearms
    50 | D        | Reached XP level 4. HP: 43/45 MP: 3/3
    52 | D        | Reached XP level 5. HP: 40/52 MP: 4/4
    58 | D        | Found a snail-covered altar of Cheibriados.
    58 | D        | Found a shadowy altar of Dithmenos.
    58 | D        | Found a white marble altar of Elyvilon.
    58 | D        | Found a blossoming altar of Fedhas.
    58 | D        | Found an opulent altar of Gozag.
    59 | D        | Found a hazy altar of Hepliaklqana.
    60 | D        | Found a viscous altar of Jiyva.
    61 | D        | Found an ancient bone altar of Kikubaaqudgha.
    62 | D        | Found a corrupted altar of Lugonu.
    63 | D        | Found a burning altar of Makhleb.
    64 | D        | Found a sparkling altar of Nemelex Xobeh.
    65 | D        | Found an iron altar of Okawaru.
    66 | D        | Became a worshipper of Gozag Ym Sagoz the Greedy
    67 | D        | Found a stormy altar of Qazlal.
    68 | D        | Found a sacrificial altar of Ru.
    69 | D        | Found a shimmering blue altar of Sif Muna.
    70 | D        | Found a bloodstained altar of Trog.
    71 | D        | Found a hide-covered altar of Uskayaw.
    72 | D        | Found a radiant altar of Vehumet.
    73 | D        | Found an ornate altar of the Wu Jian Council.
    74 | D        | Found a shimmering altar of Xom.
    75 | D        | Found a basalt altar of Yredelemnul.
    76 | D        | Found a glowing silver altar of Zin.
    77 | D        | Found a glowing golden altar of the Shining One.
   139 | D        | Noticed a two-headed ogre
   139 | D        | Noticed a vampire
   139 | D        | Noticed a yak
   139 | D        | Noticed an orc warrior
   146 | D        | Killed a two-headed ogre
   147 | D        | Reached skill level 10 in Fighting
   147 | D        | Reached skill level 13 in Polearms
   147 | D        | Reached skill level 10 in Armour
   147 | D        | Reached XP level 6. HP: 16/67 MP: 5/5
   147 | D        | Reached XP level 7. HP: 17/73 MP: 6/6
   153 | D        | Killed a vampire
   154 | D        | Reached skill level 14 in Polearms
   163 | D        | Killed a yak
   164 | D        | Reached XP level 8. HP: 41/82 MP: 7/7
   174 | D        | Reached skill level 15 in Polearms
   289 | D        | Noticed a brown ugly thing
   289 | D        | Noticed a gargoyle
   289 | D        | Noticed a boulder beetle
   289 | D        | Noticed a centaur warrior
   289 | D        | Noticed a centaur warrior
   289 | D        | Noticed a kobold demonologist
   297 | D        | Killed a brown ugly thing
   298 | D        | Reached skill level 16 in Polearms
   307 | D        | Noticed a hellwing
   315 | D        | Killed a gargoyle
   323 | D        | Killed a centaur warrior
   324 | D        | Reached skill level 17 in Polearms
   324 | D        | Reached XP level 9. HP: 32/93 MP: 8/8
   330 | D        | Noticed a red devil
   334 | D        | Killed a centaur warrior
   335 | D        | Reached skill level 18 in Polearms
   345 | D        | Slain by a boulder beetle

Illustrated notes

Levels and vault maps discovered:
D:        linesprint [early_d, line_temple, items_1, d_10, items_2, lair_1,
          lair_end, items_3, orc_1, orc_end, items_4, d_15, swamp_1, shoals_1,
          snake_1, spider_1, d_20, vaults_1, items_5, swamp_end, shoals_end,
          snake_end, spider_end, vaults_end, d_27, items_6, zot_1, zot_end,
          crypt_end, forest_end, elf_end, slime_end, tomb_end, abyss_end,
          pan_hell_end]

Skill      XL: |  1  2  3  4  5  6  7  8  9 |
---------------+----------------------------+-----
Polearms       | 4 6 8 13 14 17 18 | 18.4
Fighting       | 4 5 6 7 10 11 13 | 13.7
Armour         | 4 5 6 7 10 11 13 | 13.7
Shields        | |  3.6

Action                     |  1- 3 |  4- 6 |  7- 9 || total
---------------------------+-------+-------+-------++-------
  Melee: Trident           |    38 |     2 |       ||    40
         Headbutt          |     3 |     3 |    11 ||    17
         Halberd           |       |     6 |    74 ||    80
    Use: Potion            |       |     1 |     2 ||     3
         Scroll            |       |       |     1 ||     1
   Stab: Distracted        |       |       |     1 ||     1
 Armour: Scale mail        |    22 |       |       ||    22
         Ring mail         |       |       |    11 ||    11
         Plate armour      |       |       |    46 ||    46
  Dodge: Dodged            |    14 |     5 |    19 ||    38
  Block: Buckler           |     6 |       |       ||     6
